 Dungeon Crawl Stone Soup version 0.27-a0-242-ge0fc76b88b (webtiles) character file.

Game seed: 18203862356482753385

39 Borgoz the Slasher (level 3, -3/30 HPs)
             Began as a Ghoul Gladiator on Feb 2, 2021.
             Slain by Sigmund
             ... wielding a +2 scythe of protection
              (7 damage)
             ... on level 2 of the Dungeon.
             The game lasted 00:01:12 (1633 turns).

Borgoz the Slasher (Ghoul Gladiator)                Turns: 1633, Time: 00:01:13

Health: -3/30      AC:  4    Str: 17    XL:     3   Next: 45%
Magic:  2/2        EV: 12    Int:  3    God:
Gold:   79         SH:  0    Dex: 11    Spells: 2/2 levels left

rFire    + . .     SeeInvis .   b - +2 dagger (venom)
rCold    + + .     Faith    .   (no shield)
rNeg     + + +     Spirit   .   n - +0 leather armour
rPois    ∞         Reflect  .   c - +0 helmet
rElec    +         Harm     .   (no cloak)
rCorr    +         Rampage  .   (no gloves)
Will     +....                  (no boots)
Stlth    +.........             (no amulet)
HPRegen  0.00/turn              e - ring of willpower
MPRegen  0.08/turn              (no ring)

@: resistant
A: claws 1, cold resistance 1, negative energy resistance 3, inhibited
regeneration, torment resistance, unbreathing
a: no special abilities


You were on level 2 of the Dungeon.
You visited 1 branch of the dungeon, and saw 2 of its levels.

You collected 79 gold pieces.

Inventory:

Hand Weapons
 a - a +0 long sword
 b - a +2 dagger of venom (weapon)
Missiles
 d - 3 throwing nets (quivered)
Armour
 c - a +0 helmet (worn)
 n - a +0 leather armour (worn)
Jewellery
 e - a ring of willpower (left claw)
Scrolls
 f - 3 scrolls of teleportation
 j - a scroll of noise {unknown}
 k - a scroll of remove curse {unknown}
 m - 3 scrolls of identify {unknown}
 o - 2 scrolls of blinking {unknown}
 p - a scroll of enchant armour {unknown}
 q - a scroll of enchant weapon {unknown}
 s - a scroll of immolation {unknown}
Potions
 g - a potion of haste {unknown}
 i - a potion of flight {unknown}
 l - a potion of curing {unknown}
 r - a potion of heal wounds {unknown}


   Skills:
 + Level 2.6 Fighting
 * Level 3.2 Long Blades
 - Level 1.7 Throwing
 + Level 1.0 Armour
 + Level 3.0 Dodging


You had 2 spell levels left.
You didn't know any spells.
Your spell library was empty.

Dungeon Overview and Level Annotations

Branches:
Dungeon (2/15)

Altars:

Annotations:
D:2 Sigmund


Innate Abilities, Weirdness & Mutations

You thrive by killing the living.
You are immune to poison.
You have sharp fingernails.
Your flesh is cold resistant. (rC+)
You are immune to negative energy. (rN+++)
You do not regenerate when monsters are visible.
You are immune to unholy pain and torment.
You can survive without breathing.


Message History

Sigmund is lightly wounded.
Sigmund points at you and mumbles some strange words.
The magic dart hits you.
You hit Sigmund but do no damage.
Sigmund is poisoned.
Sigmund is lightly wounded.
Sigmund completely misses you.
You hit Sigmund but do no damage.
Sigmund looks as sick as possible!
Sigmund is lightly wounded.
Sigmund points at you and mumbles some strange words.
You resist with almost no effort.
You closely miss Sigmund.
Sigmund is lightly wounded.
You barely miss Sigmund.
Sigmund is lightly wounded.
Sigmund hits you with a +2 scythe of protection!
* * * LOW HITPOINT WARNING * * *
It was a potion of resistance.
You feel protected.
Sigmund hits you with a +2 scythe of protection!
You die...

#.#.###..###.#....#
######.....#..#
#.#.#.##
.....###.#.#..#
#.#.#.##
#...#...#..#
#.#...##
#.......#...
..######
#.#.#.#.##.#### #
#.###.##.# #
#........# ########
#.@......# #.....##
#>.@...... +.....'.
#.......####.....##
#.###...........#..
. . #.#
##########.###
.#.##.#.. ###.##
... ..#. ########
#....# # #.#...#.
#......###.#..## #.
#>#.#.
#......+........


You could see Sigmund (very poisoned).

Vanquished Creatures
  An adder (D:2)
  An ooze (D:1)
  2 dart slugs
  6 bats
  A giant cockroach (D:2)
  A goblin (D:1)
  4 hobgoblins
  A quokka (D:2)
  2 frilled lizards (D:2)
  2 kobolds
  2 rats
23 creatures vanquished.

Notes
Turn   | Place    | Note
-------+----------+-------------------------------------------
     0 | D:1      | Borgoz the Ghoul Gladiator began the quest for the Orb.
     0 | D:1      | Reached XP level 1. HP: 17/17 MP: 0/0
   323 | D:1      | Reached XP level 2. HP: 14/25 MP: 1/1
  1389 | D:2      | Reached XP level 3. HP: 28/30 MP: 2/2
  1475 | D:2      | Reached skill level 1 in Armour
  1622 | D:2      | Noticed Sigmund
  1633 | D:2      | Slain by Sigmund

Illustrated notes

Levels and vault maps discovered:
D:1:      lightli_arrival_boilingwater, layout_basic
D:2:      layout_basic, serial_glass, glass_columns_c, glass_columns_c,
          minmay_strange_pillars, uniq_sigmund

Skill      XL: |  1  2  3 |
---------------+----------+-----
Long Blades    | 3 |  3.2
Armour         | 1 |  1.0
Dodging        | 3 |  3.0
Fighting       | |  2.6
Throwing       | |  1.7

Action                   || total
-------------------------++-------
Melee: Long sword        ||    32
       Dagger            ||    49
  Use: Scroll            ||     1
       Potion            ||     1
Armor: Leather armour    ||    28
Dodge: Dodged            ||    47
       Rpst.: Long sword ||     3

Table legend: (Time is in decaauts)
 A = Elapsed time spent in this place.
 B = Non-inter-level travel time spent in this place.
 C = Inter-level travel time spent in this place.
 D = Time resting spent in this place.
 E = Time spent auto-exploring this place.
 F = Levels seen in this place.
 G = Mean time per level.
                   A        B        C        D        E       F      G
               +--------+--------+--------+--------+--------+-----+--------+
         Total |   1644 |   1630 |     14 |    128 |   1327 |   2 |  822.0 |
       Dungeon |   1644 |   1630 |     14 |    128 |   1327 |   2 |  822.0 |
               +--------+--------+--------+--------+--------+-----+--------+

Top non-repeatable levels by time:
     D:1: 1299 daAuts
     D:2: 344 daAuts
